 Dungeon Crawl Stone Soup version 0.28.0 (webtiles) character file.

Game seed: 7448575661706130647

61094 PoweredByGinger the Peltast (level 14, -8/116 HPs)
             Began as a Minotaur Fighter on Feb 10, 2022.
             Was the Champion of Okawaru.
             Mangled by an orc knight (30 damage)
             ... on level 2 of the Orcish Mines.
             The game lasted 00:29:07 (23270 turns).

PoweredByGinger the Peltast (Minotaur Fighter)     Turns: 23270, Time: 00:29:07

Health: -8/116     AC: 23    Str: 40    XL:     14   Next: 59%
Magic:  18/18      EV:  8    Int:  5    God:    Okawaru [******]
Gold:   1094       SH: 22    Dex: 21    Spells: 13/13 levels left

rFire   + . .      SeeInvis .   p - +11 broad axe of Valour {vorpal, Drain rF+ Str+9 Stlth+}
rCold   . . .      Faith    .   V - +1 kite shield "Igeorhisch" {Rampage *Corrode Dex+10}
rNeg    . . .      Spirit   .   u - +0 plate armour
rPois   .          Reflect  +   B - +1 hat
rElec   .          Harm     .   t - +0 cloak
rCorr   +          Rampage  +   c - +2 pair of gloves
Will    +....                   Y - +0 pair of boots {Fly}
Stlth   ..........              J - amulet of reflection
HPRegen 0.29/turn               A - +6 ring of strength
MPRegen 0.16/turn               v - ring of resist corrosion

@: flying
A: horns 2, retaliatory headbutt
a: Renounce Religion, Heroism, Finesse, Duel


You were on level 2 of the Orcish Mines.
You worshipped Okawaru.
Okawaru was exalted by your worship.
You visited 4 branches of the dungeon, and saw 21 of its levels.
You also visited: Sewer.

You collected 1430 gold pieces.
You spent 336 gold pieces at shops.

Inventory:

Hand Weapons
 a - the +9 hand axe of the Hand {spect, rPois rCorr Str+5}
   (You found it on level 3 of the Dungeon)

   When its wielder attacks, the weapon's spirit leaps out and strikes again.
   The spirit shares a part of any damage it takes with its wielder.
   Str:       It affects your strength (+5).
   rPois:     It protects you from poison.
   rCorr:     It protects you from acid and corrosion.
 b - a +1 flail of protection
 p - the +11 broad axe of Valour (weapon) {vorpal, Drain rF+ Str+9 Stlth+}
   (Okawaru gifted it to you on level 2 of the Orcish Mines)

   It inflicts extra damage upon your enemies.
   Str:       It affects your strength (+9).
   rF:        It protects you from fire.
   Drain:     It drains your maximum health when unequipped.
   Stlth:     It makes you more stealthy.
Missiles
 j - 35 poisoned darts (quivered)
 o - 383 arrows
 q - 42 bolts
 K - 2 throwing nets
Armour
 c - a +2 pair of gloves (worn)
 t - a +0 cloak (worn)
 u - a +0 plate armour (worn)
 B - a +1 hat (worn)
 V - the +1 kite shield "Igeorhisch" (worn) {Rampage *Corrode Dex+10}
   (Okawaru gifted it to you on level 11 of the Dungeon)

   Dex:       It affects your dexterity (+10).
   *Corrode:  It may corrode you when you take damage.
   Rampage:   It bestows one free step when moving towards enemies.
 Y - a +0 pair of boots of flying (worn)
Jewellery
 n - the ring "Wudelu" {Fly rF++ Str+4 Dex-2 Stlth+}
   (You found it on level 4 of the Lair of Beasts)

   [ring of flight]

   Str:       It affects your strength (+4).
   Dex:       It affects your dexterity (-2).
   rF:        It greatly protects you from fire.
   Fly:       It grants you flight.
   Stlth:     It makes you more stealthy.
 v - a ring of resist corrosion (right hand)
 A - a +6 ring of strength (left hand)
 I - a ring of poison resistance
 J - an amulet of reflection (around neck)
 M - a +4 ring of protection
Wands
 G - a wand of acid (1)
 N - a wand of polymorph (7)
 P - a wand of iceblast (7)
 S - a wand of flame (24)
 Z - a wand of digging (8)
Scrolls
 e - 7 scrolls of teleportation
 i - a scroll of holy word {unknown}
 m - a scroll of noise {unknown}
 s - a scroll of silence {unknown}
 w - 4 scrolls of enchant weapon
 x - a scroll of fear {unknown}
 y - 4 scrolls of fog {unknown}
 C - 2 scrolls of magic mapping
 D - 2 scrolls of immolation {unknown}
 L - 3 scrolls of enchant armour {unknown}
 O - 3 scrolls of vulnerability {unknown}
 Q - 2 scrolls of summoning {unknown}
 T - a scroll of torment {unknown}
 X - a scroll of brand weapon {unknown}
Potions
 d - 5 potions of might
 f - a potion of invisibility
 g - 4 potions of curing
 h - 3 potions of attraction {unknown}
 k - 7 potions of haste
 l - 2 potions of heal wounds
 r - 3 potions of magic
 z - 4 potions of cancellation {unknown}
 F - 2 potions of berserk rage {unknown}
 H - 2 potions of ambrosia {unknown}
 R - 2 potions of lignification
 U - 2 potions of degeneration {unknown}
 W - a potion of mutation {unknown}
Miscellaneous
 E - a phial of floods


   Skills:
 * Level 8.6 Fighting
 + Level 18.6 Axes
 + Level 12.3 Armour
 + Level 18.8 Shields
 - Level 6.9 Invocations


You had 13 spell levels left.
You didn't know any spells.
Your spell library contained the following spells:

 Spells                   Type           Power      Damage    Failure   Level
 Freeze                   Ice            0%         1d3       97%         1
 Dazzling Flash           Conj/Hex       0%         N/A       100%        3
 Frozen Ramparts          Ice            0%         1d2       100%        3
 Hailstorm                Conj/Ice       0%         3d3       100%        4
 Agony                    Necr           0%         N/A       100%        5
 Silence                  Hex/Air        0%         N/A       100%        5
 Eringya's Noxious Bog    Tmut/Pois      0%         N/A       100%        6
 Summon Forest            Summ/Tloc      Unusable   N/A       N/A         5
 Summon Hydra             Summ           Unusable   N/A       N/A         7

Dungeon Overview and Level Annotations

Branches:
Dungeon (12/15)            Temple (1/1) D:4            Lair (6/6) D:11
 Shoals (0/4) Lair:4       Spider (0/4) Lair:4        Slime (0/5) Lair:5
    Orc (2/2) D:9             Elf (0/3) Orc:2         Sewer (visited)

Altars:
Ashenzari
Cheibriados
Dithmenos
Elyvilon
Fedhas
Gozag
Hepliaklqana
Kikubaaqudgha
Makhleb
Nemelex Xobeh
Okawaru
Qazlal
Ru
Sif Muna
Trog
Uskayaw
Vehumet
Wu Jian
Xom
Yredelemnul
Zin
The Shining One
Jiyva
Lugonu

Shops:
D:8 *   D:10 =   D:11 =   Orc:2 *=

Portals:
Abyss: Lair:6

Annotations:
Lair:2 5 exclusions


Innate Abilities, Weirdness & Mutations

You have a pair of horns on your head.
You reflexively headbutt those who attack you in melee.


Message History

The bolt of fire hits you! You resist.
You slice Azrael!!
You kill Azrael!
Okawaru accepts your kill.
You barely miss the orc knight. You block the orc knight's attack.
Unknown command.
You barely miss the orc knight. Your headbutt misses the orc knight.
The orc knight is heavily wounded.
You slice the orc knight!!
You kill the orc knight!
Okawaru accepts your kill.
You rampage towards the orc knight!
An orc high priest comes into view. It is wielding a +0 war axe.
You slice the orc knight!!
The orc knight is heavily wounded.
The orc knight roars a battlecry!
The orc high priest goes into a battle-frenzy!
You block the orc knight's attack.
You barely miss the orc knight.
The orc knight is heavily wounded.
The orc high priest starts to sing a prayer.
You hit the orc knight.
The orc knight is severely wounded.
The orc knight hits you from afar with a +0 halberd!
The orc high priest mumbles some strange prayers to Beogh.
The orc knight hits you with a +1 great mace!!!
You closely miss the orc knight.
The orc knight is severely wounded.
You block the orc knight's attack.
The orc knight hits you with a +1 great mace!!!
* * * LOW HITPOINT WARNING * * *
Unknown command.
You block the orc knight's attack.
Things that are here:
a +0 hand axe; a +0 plate armour; an orc corpse
There is a stone staircase leading up, spattered with blood here.
You see here a +4 fustibalus of flaming.
You block the orc knight's attack.
The orc knight hits you with a +1 great mace!!
You die...

........#....
................... ...........
....... #.........##.......
.....................
......................
..#$...o........#.....
#......o4.o4...°....## .......
.......@)............# ..#.#..
.........[............ .......
.........$............ .......
........[.....[.....#. .....#
..........[[).....$..#
....#.................[......##
............#....)......[....#
..............................#
..#.................[........##


You could see 2 orc knights, an orc high priest (strong), a hellwing (summoned)
and a chaos spawn (summoned).

Vanquished Creatures
  2 orc warlords (Orc:1)
  Azrael (Orc:2)
  Snorg (Lair:4)
  A boulder beetle (D:11)
  2 catoblepae
  6 hydras
  A two-headed ogre (shapeshifter) (Lair:6)
  5 two-headed ogres
  2 thrashing horrors (Lair:6)
  An orc high priest (Orc:2)
  Urug (D:11)
  A deep elf pyromancer (D:12)
  An orc knight (Orc:2)
  3 ugly things
  7 orc sorcerers
  A manticore (D:10)
  14 elephants
  A merfolk siren (Lair:4)
  A torpor snail (Lair:5)
  A smoke demon (Lair:6)
  3 gargoyles
  3 black mambas
  9 cane toads
  A kobold demonologist (D:5)
  A rime drake (shapeshifter) (Lair:6)
  7 komodo dragons
  2 unseen horrors
  A rime drake (Lair:6)
  2 ancient zymes (Lair:6)
  3 merfolk (Lair:4)
  3 polar bears
  21 blink frogs
  4 trolls
  5 dream sheep (Lair:6)
  A shadow (D:12)
  2 culicivoras (Lair:4)
  2 spriggans
  8 wyverns
  2 ynoxinuls (Lair:6)
  Eustachio (D:4)
  3 fire elementals
  5 basilisks
  A chaos spawn (Lair:6)
  36 yaks
  A vampire mosquito (D:11)
  3 wargs
  2 large abominations (Lair:6)
  An acid dragon (D:10)
  2 hell hounds
  11 water moccasins
  28 orc warriors
  A swamp drake (D:11)
  2 sky beasts (D:7)
  4 black bears
  A hornet zombie (D:9)
  7 ogres
  6 wolves (Lair:4)
  3 necrophages
  10 centaurs
  A phantom (D:7)
  4 kobold brigands
  10 bullfrogs
  A gnoll sergeant (D:8)
  4 wyvern zombies
  7 scorpions
  12 small abominations (Lair:6)
  13 killer bees
  9 wights
  4 electric eels
  3 howler monkeys (D:8)
  2 centaur zombies (D:8)
  A lava snake (Lair:3)
  8 orc priests
  A bullfrog skeleton (D:5)
  4 hounds
  3 iguanas
  6 orc wizards
  4 hell rats (Lair:6)
  A killer bee zombie (D:8)
  A howler monkey zombie (D:7)
  Robin (D:4)
  4 gnolls (D:8)
  A river rat (Sewer)
  13 adders
  An adder skeleton (D:2)
  A worm (D:2)
  4 dart slugs
  49 orcs
  11 ball pythons
  14 bats
  5 endoplasms
  3 giant cockroaches
  18 goblins
  10 hobgoblins
  5 jackals
  3 quokkas
  9 frilled lizards
  13 kobolds
  10 rats
535 creatures vanquished.

Vanquished Creatures (others)
  50 fungi
  61 plants
111 creatures vanquished.

Grand Total: 646 creatures vanquished

Notes
Turn   | Place    | Note
-------+----------+-------------------------------------------
     0 | D:1      | PoweredByGinger the Minotaur Fighter began the quest for
                  | the Orb.
     0 | D:1      | Reached XP level 1. HP: 19/19 MP: 0/0
    54 | D:1      | Found a faded altar of an unknown god.
    64 | D:1      | Reached XP level 2. HP: 24/26 MP: 1/1
   714 | D:2      | Reached XP level 3. HP: 26/31 MP: 2/2
   895 | D:2      | Found an ancient bone altar of Kikubaaqudgha.
  1406 | D:2      | Reached XP level 4. HP: 35/39 MP: 3/3
  1474 | D:2      | Reached skill level 5 in Shields
  1936 | D:3      | Reached XP level 5. HP: 31/45 MP: 4/4
  2576 | D:3      | Identified the +9 hand axe of the Hand {spect, rPois rCorr
                  | Str+5}
  2635 | D:4      | Noticed a black bear
  2635 | D:4      | Noticed a black bear
  2635 | D:4      | Noticed Robin
  2635 | D:4      | Found a bloodstained altar of Trog.
  2637 | D:4      | Killed Robin
  2638 | D:4      | Reached skill level 5 in Axes
  2641 | D:4      | Killed a black bear
  2642 | D:4      | Reached XP level 6. HP: 44/51 MP: 5/5
  2723 | D:4      | Reached XP level 7. HP: 37/57 MP: 6/6
  2830 | D:4      | Noticed Eustachio
  2835 | D:4      | Killed Eustachio
  3177 | D:4      | Found a staircase to the Ecumenical Temple.
  3194 | D:4      | Reached XP level 8. HP: 64/64 MP: 7/7
  3203 | Temple   | Entered the Ecumenical Temple
  3438 | Temple   | Became a worshipper of Warmaster Okawaru
  3561 | D:5      | Entered Level 5 of the Dungeon
  3676 | D:5      | Found a glowing drain.
  3680 | Sewer    | Entered a sewer
  4544 | D:5      | Noticed a kobold demonologist
  4550 | D:5      | Killed a kobold demonologist
  4550 | D:5      | Reached * piety under Okawaru
  4551 | D:5      | Reached skill level 10 in Shields
  4809 | D:6      | Reached skill level 10 in Axes
  5095 | D:6      | Found a hazy altar of Hepliaklqana.
  5108 | D:6      | Reached XP level 9. HP: 70/70 MP: 8/8
  5257 | D:6      | Reached skill level 1 in Invocations
  6092 | D:7      | Reached ** piety under Okawaru
  6714 | D:8      | Reached XP level 10. HP: 69/80 MP: 11/11
  6716 | D:8      | Reached *** piety under Okawaru
  6947 | D:8      | Found Ahajuigu's General Store.
  6950 | D:8      | Bought a scroll of teleportation for 42 gold pieces
  6950 | D:8      | Bought 2 potions of might for 112 gold pieces
  7092 | D:8      | Reached skill level 5 in Fighting
  7466 | D:9      | Noticed a two-headed ogre
  7472 | D:9      | Killed a two-headed ogre
  7623 | D:9      | Found a staircase to the Orcish Mines.
  7933 | D:9      | Noticed a two-headed ogre
  7939 | D:9      | Killed a two-headed ogre
  7939 | D:9      | Reached **** piety under Okawaru
  8353 | D:10     | Entered Level 10 of the Dungeon
  8353 | D:10     | Noticed a manticore
  8360 | D:10     | Killed a manticore
  8811 | D:10     | Reached ***** piety under Okawaru
  8826 | D:10     | Found a stormy altar of Qazlal.
  8934 | D:10     | Noticed a gargoyle
  8940 | D:10     | Killed a gargoyle
  8941 | D:10     | Reached XP level 11. HP: 73/94 MP: 12/12
  9182 | D:10     | Noticed a two-headed ogre
  9187 | D:10     | Killed a two-headed ogre
  9414 | D:10     | Found Soreal's Jewellery Emporium.
  9706 | D:11     | Noticed a two-headed ogre
  9723 | D:11     | Killed a two-headed ogre
  9858 | D:11     | Noticed a boulder beetle
  9866 | D:11     | Reached ****** piety under Okawaru
  9882 | D:11     | Killed a boulder beetle
  9882 | D:11     | Identified the +1 kite shield "Igeorhisch" {Rampage
                  | *Corrode Dex+10} (Okawaru gifted it to you on level 11 of
                  | the Dungeon)
  9882 | D:11     | Received a gift from Okawaru
 10252 | D:11     | Noticed a two-headed ogre
 10257 | D:11     | Killed a two-headed ogre
 10556 | D:11     | Found Zoitzaoll's Jewellery Boutique.
 10601 | D:11     | Noticed Urug
 10611 | D:11     | Killed Urug
 10612 | D:11     | Reached skill level 5 in Invocations
 11009 | D:11     | Found a staircase to the Lair.
 11644 | D:12     | Noticed a white ugly thing
 11646 | D:12     | Noticed a deep elf pyromancer
 11650 | D:12     | Killed a white ugly thing
 11651 | D:12     | Reached skill level 15 in Shields
 11655 | D:12     | Killed a deep elf pyromancer
 11656 | D:12     | Reached XP level 12. HP: 32/102 MP: 15/15
 12072 | Lair:1   | Entered Level 1 of the Lair of Beasts
 12328 | Lair:1   | Reached skill level 15 in Axes
 13445 | Lair:2   | Identified the +2 war axe of the Ghost {holy, Str+3}
                  | (Okawaru gifted it to you on level 2 of the Lair of Beasts)
 13445 | Lair:2   | Received a gift from Okawaru
 14133 | Lair:2   | Reached skill level 5 in Armour
 15036 | Lair:3   | Noticed an eight-headed hydra
 15053 | Lair:3   | Killed an eight-headed hydra
 15359 | Lair:3   | Noticed an eight-headed hydra
 15369 | Lair:3   | Killed an eight-headed hydra
 15369 | Lair:3   | Identified the +2 scale mail of Eternal Vigilance {*Slow
                  | rElec rN+ Dex+2} (Okawaru gifted it to you on level 3 of
                  | the Lair of Beasts)
 15369 | Lair:3   | Received a gift from Okawaru
 15817 | Lair:3   | Identified the +5 quarterstaff "Luts" {holy, rF+ MP+9
                  | Str-3}
 15960 | Lair:3   | Found a radiant altar of Vehumet.
 16235 | Lair:4   | Identified the ring "Wudelu" {Fly rF++ Str+4 Dex-2 Stlth+}
 16261 | Lair:4   | Found a staircase to the Shoals.
 16288 | Lair:4   | Reached XP level 13. HP: 94/107 MP: 17/17
 16483 | Lair:4   | Noticed Snorg
 16494 | Lair:4   | Killed Snorg
 17267 | Lair:4   | Found a hole to the Spider Nest.
 18165 | Lair:5   | Identified the +2 robe of the Archfiend {Str+4 Stlth+}
                  | (Okawaru gifted it to you on level 5 of the Lair of Beasts)
 18165 | Lair:5   | Received a gift from Okawaru
 18539 | Lair:5   | Found a staircase to the Slime Pits.
 18539 | Lair:5   | Found a viscous altar of Jiyva.
 18810 | Lair:6   | Entered Level 6 of the Lair of Beasts
 19254 | Lair:6   | Reached skill level 10 in Armour
 19960 | Lair:6   | Reached XP level 14. HP: 57/115 MP: 18/18
 20550 | Lair:6   | Found a corrupted altar of Lugonu.
 20550 | Lair:6   | Found a one-way gate to the infinite horrors of the Abyss.
 21116 | Orc:1    | Entered Level 1 of the Orcish Mines
 21166 | Orc:1    | Noticed an orc warlord
 21480 | Orc:1    | Killed an orc warlord
 21590 | Orc:2    | Entered Level 2 of the Orcish Mines
 21618 | Orc:2    | Identified the +11 broad axe of Valour {vorpal, Drain rF+
                  | Str+9 Stlth+} (Okawaru gifted it to you on level 2 of the
                  | Orcish Mines)
 21618 | Orc:2    | Received a gift from Okawaru
 21642 | Orc:2    | Noticed an orc warlord
 21656 | Orc:2    | Found Fidoasch's Jewellery Shoppe.
 21992 | Orc:2    | Found a staircase to the Elven Halls.
 22005 | Orc:2    | Found Xysiamni's Assorted Antiques.
 22025 | Orc:2    | Bought 2 potions of curing for 156 gold pieces
 22025 | Orc:2    | Bought a scroll labelled QOTOZ OPUFREBO for 26 gold pieces
 22129 | Orc:1    | Noticed an orc warlord
 22387 | Orc:1    | Killed an orc warlord
 22540 | Orc:1    | Found a burning altar of Makhleb.
 22888 | Orc:2    | Noticed Azrael
 22895 | Orc:2    | Received a gift from Okawaru
 23260 | Orc:2    | Killed Azrael
 23270 | Orc:2    | Mangled by an orc knight

Illustrated notes

Levels and vault maps discovered:
D:1:      dpeg_arrival_long_road, layout_basic,
          shapermc_ecumenical_altar_starsandcircs, serial_bayou_pond_c
D:2:      cheibrodos_helix_gallery, layout_basic, basic_altar
D:3:      layout_basic, nicolae_figureground_sparkle
D:4:      layout_rooms, trog_ov_bears_minmay, minmay_temple_entry_sparse_star,
          uniq_robin, uniq_eustachio
D:5:      nicolae_cairo_tiling, layout_basic, gup_sewer_entry_bowl,
          corexii_shack, hangedman_decor_peaks_small
D:6:      old_forge, layout_cave_pools, mainiacjoe_overflow_surrounded_room
D:7:      layout_rooms, minmay_misc_feat_cross
D:8:      layout_cave_pools, serial_shops, nicolae_shop_window_shopping,
          serial_park_tiny_1
D:9:      layout_roguey, orc_0_dummy, chequers_serial_rivers_micro_a,
          kennysheep_generic_room_13
D:10:     layout_grid_maze, mainiacjoe_overflow_cross_hatched, serial_shops,
          shop, minmay_misc_feat_room, st_stairs_7
D:11:     layout_long_grid, erik_lair_dragon, nicolae_stop_n_shop_2,
          hangedman_abyss_or_decor_jellyfish_corner, minmay_circle_x, uniq_urug
D:12:     layout_loops_corners, serial_bayou, serial_bayou_lake_a,
          serial_bayou_pond_c, serial_bayou_shore_a, serial_bayou_pond_c
Temple:   mainiacjoe_temple_bowtie_tessellation
Lair:1:   layout_regular_city, lemuel_fruit_tree, grunt_megastairs_3
Lair:2:   layout_small_grid, minmay_lindwurm_lava
Lair:3:   layout_gridlike, lemuel_centaur_altar
Lair:4:   layout_regular_city, elwin_shoals_entry_stream,
          hellmonk_spider_entry_life_and_decay, grunt_forest_stairs_clearing,
          uniq_snorg
Lair:5:   layout_loops_ring, slime_altar_1, grunt_megastairs_2
Lair:6:   hellmonk_lair_end_abyssal_woods, layout_regular_city,
          nicolae_quartered_pool_little
Orc:1:    layout_diamond_mine, basic_altar
Orc:2:    grunt_orc_gardens, layout_caves, grunt_orc_garden, grunt_orc_garden,
          grunt_orc_garden, grunt_orc_garden, serial_shops,
          nicolae_shop_overgrown_old_shop, uniq_azrael

Skill      XL: |  1  2  3  4  5  6  7  8  9 10 11 12 13 14 |
---------------+-------------------------------------------+-----
Axes           | 3 4 5 6 8 10 11 13 14 16 17 18 | 18.6
Shields        | 4 5 6 7 8 10 12 13 15 16 18 | 18.8
Invocations    | 3 5 6 |  6.9
Fighting       | 4 7 8 |  8.6
Armour         | 4 7 10 12 | 12.3

Action                   |  1- 3 |  4- 6 |  7- 9 | 10-12 | 13-15 || total
-------------------------+-------+-------+-------+-------+-------++-------
Melee: War axe           |    63 |    52 |       |       |       ||   115
       Headbutt          |     3 |    14 |    17 |    89 |   114 ||   237
       Hand axe          |       |    17 |   195 |   335 |   295 ||   842
       Flail             |       |       |       |    14 |    31 ||    45
       Broad axe         |       |       |       |       |   118 ||   118
Invok: Heroism           |       |       |       |     4 |     3 ||     7
       Finesse           |       |       |       |     2 |     2 ||     4
Evoke: Wand              |       |       |       |     8 |     9 ||    17
  Use: Scroll            |       |       |     1 |    11 |     2 ||    14
       Potion            |       |       |       |     6 |     3 ||     9
 Stab: Distracted        |       |       |     2 |     8 |     4 ||    14
       Held in net/web   |       |       |     1 |       |       ||     1
Armor: Scale mail        |    34 |    25 |    46 |     6 |       ||   111
       Plate armour      |       |       |       |   122 |   165 ||   287
Dodge: Dodged            |    33 |    32 |    35 |    78 |    70 ||   248
Block: Buckler           |    11 |    15 |    41 |    41 |       ||   108
       Kite shield       |       |       |       |   111 |   356 ||   467
       Reflection        |       |       |       |    10 |     9 ||    19
